 Dungeon Crawl Stone Soup version 0.29.1-14-g9c671dbff4 (webtiles) character file.

Game seed: 6583855634041665052

30 protoss039 the Digger (level 3, 0/26 HPs)
             Began as a Demonspawn Earth Elementalist on Feb 16, 2023.
             Slain by Terence
             ... wielding a +0 flail
              (8 damage)
             ... on level 2 of the Dungeon.
             The game lasted 00:03:24 (1050 turns).

protoss039 the Digger (DsEE)                        Turns: 1050, Time: 00:03:24

Health: 0/26       AC:  2    Str:  8    XL:     3   Next: 5%
Magic:  6/6        EV: 12    Int: 18    God:
Gold:   89         SH:  0    Dex: 19    Spells: 3/6 levels left

rFire   . . .      SeeInvis .   e - +0 dagger
rCold   . . .      Faith    .   (no shield)
rNeg    . . .      Spirit   .   a - +0 robe
rPois   .          Reflect  .   (no helmet)
rElec   .          Harm     .   (no cloak)
rCorr   .          Rampage  .   (no gloves)
Will    .....                   (no boots)
Stlth   ++........              d - amulet of regeneration
HPRegen 0.88/turn               c - +6 ring of dexterity
MPRegen 0.10/turn               (no ring)

@: no status effects
A: demonic touch 1
a: no special abilities


You were on level 2 of the Dungeon.
You visited 1 branch of the dungeon, and saw 2 of its levels.

You collected 89 gold pieces.

Inventory:

Hand Weapons
 e - a +0 dagger (weapon)
Armour
 a - a +0 robe (worn)
Jewellery
 c - a +6 ring of dexterity (left hand)
 d - an amulet of regeneration (around neck)
 i - a ring of ice
Scrolls
 g - a scroll of blinking {unknown}
 h - a scroll of acquirement {unknown}
 j - a scroll of summoning {unknown}
 l - a scroll of magic mapping {unknown}
 n - a scroll of enchant armour {unknown}
 o - a scroll of fear {unknown}
Potions
 b - a potion of magic
 f - a potion of resistance {unknown}
 m - a potion of flight {unknown}


   Skills:
 + Level 1.4 Fighting
 - Level 1.7 Dodging
 - Level 1.7 Stealth
 + Level 2.4 Spellcasting
 - Level 0.8 Transmutations
 + Level 3.1 Earth Magic


You had 3 spell levels left.
You knew the following spells:

 Your Spells              Type           Power      Damage    Failure   Level
a - Sandblast             Erth           26%        2d8       4%          1
b - Passwall              Tmut/Erth      7%         N/A       12%         2

Your spell library contained the following spells:

 Spells                   Type           Power      Damage    Failure   Level
 Freeze                   Ice            8%         1d3       17%         1
 Slow                     Hex            8%         N/A       17%         1
 Stone Arrow              Conj/Erth      14%        3d7       26%         3
 Frozen Ramparts          Ice            4%         1d1       45%         3
 Gell's Gravitas          Tloc           2%         N/A       45%         3
 Lesser Beckoning         Tloc           2%         N/A       45%         3
 Ozocubu's Armour         Ice            2%         N/A       45%         3
 Teleport Other           Tloc           2%         N/A       45%         3
 Petrify                  Tmut/Erth      9%         N/A       58%         4
 Hailstorm                Conj/Ice       2%         3d3       86%         4
 Metabolic Englaciation   Hex/Ice        1%         N/A       99%         5
 Simulacrum               Ice/Necr       1%         N/A       100%        6


Dungeon Overview and Level Annotations

Branches:
Dungeon (2/15) Zot: 10943

Altars:

Annotations:
D:2 Terence


Innate Abilities, Weirdness & Mutations

Your touch may inflict minor irresistible damage on your foes.


Message History

The endoplasm attacks as you move away! The endoplasm hits you.
The endoplasm attacks as you move away! The endoplasm closely misses you.
The endoplasm attacks as you move away! The endoplasm barely misses you.
The endoplasm attacks as you move away! The endoplasm closely misses you.
The endoplasm attacks as you move away! The endoplasm barely misses you.
The endoplasm attacks as you move away! The endoplasm barely misses you.
The endoplasm attacks as you move away! The endoplasm misses you.
The endoplasm attacks as you move away! The endoplasm barely misses you.
The endoplasm attacks as you move away!
The endoplasm hits you but does no damage.
The endoplasm attacks as you move away!
The endoplasm hits you but does no damage.
The endoplasm attacks as you move away! The endoplasm closely misses you.
Casting: Sandblast (safe; 4% risk of failure)
Confirm with . or Enter, or press ? or * to list all spells.
Aiming: Sandblast (safe; 4% risk of failure)
Press: ? - help, Shift-Dir - straight line, f/p - Terence
Aim: Terence, wielding a +0 flail and wearing a +0 ring mail (84% to hit)
The blast of sand hits the endoplasm!
You kill the endoplasm!
Terence barely misses you.
Unknown command.
Unknown command.
Unknown command.
You aren't carrying any items that you can evoke.
Terence attacks as you move away! Terence closely misses you.
Terence attacks as you move away! Terence barely misses you.
Terence attacks as you move away! Terence hits you with a +0 flail!
Terence attacks as you move away! Terence hits you with a +0 flail.
Terence shouts, "Get ready for death!"
Terence attacks as you move away! Terence hits you with a +0 flail.
Terence attacks as you move away! Terence barely misses you.
Terence attacks as you move away! Terence misses you.
Terence attacks as you move away! Terence hits you with a +0 flail!
* * * LOW HITPOINT WARNING * * *
Terence evades a web.
Terence attacks as you move away! Terence hits you with a +0 flail.
* * * LOW HITPOINT WARNING * * *
Terence attacks as you move away! Terence hits you with a +0 flail!
You die...

.....### #....# .......###
#....# .....#...###....#
................####
..#####............< ..###
######....#### .
....########....# ##...
#...............##......
....#.#####.....@..#
....#<.........@####
..................#
............^.^.^.##### ####..
....#.#.#._.#.#.#K....####.....
. ....#.#.#####.#P#.###......#
. .....#.#.....#.#..###.K...###
#.
.##...#.#####.#...#.K.###...##
.. .......#.....#P..##.###
###..##.#


You could see Terence.

Vanquished Creatures
  A bat (D:1)
  4 endoplasms
  2 giant cockroaches (D:1)
  2 hobgoblins (D:2)
  A quokka (D:1)
  6 ball pythons
  5 frilled lizards
  3 goblins
  A kobold (D:1)
  5 rats
30 creatures vanquished.

Notes
Turn   | Place    | Note
-------+----------+-------------------------------------------
     0 | D:1      | protoss039 the Demonspawn Earth Elementalist began the
                  | quest for the Orb.
     0 | D:1      | Reached XP level 1. HP: 13/13 MP: 3/3
   252 | D:1      | Gained mutation: Your touch may inflict minor irresistible
                  | damage on your foes. [demonic ancestry]
   252 | D:1      | Reached XP level 2. HP: 20/20 MP: 3/5
   330 | D:1      | Reached skill level 1 in Fighting
   335 | D:1      | Reached skill level 3 in Earth Magic
   642 | D:1      | Learned a level 2 spell: Passwall
   643 | D:2      | Found a faded altar of an unknown god.
   677 | D:2      | Got Plato's Almanac of Spellbinding
   824 | D:2      | Reached XP level 3. HP: 26/26 MP: 1/6
   931 | D:2      | Noticed Terence
  1050 | D:2      | Slain by Terence

Illustrated notes

Levels and vault maps discovered:
D:1:      wander_arrival_desolate, layout_basic
D:2:      layout_rooms, shapermc_ecumenical_altar_rom_forum, fountainhead,
          minmay_split_cup_small, uniq_terence

Skill      XL: |  1  2 |
---------------+-------+-----
Fighting       | 1 |  1.4
Earth Magic    | 3 |  3.1
Dodging        | |  1.7
Stealth        | |  1.7
Spellcasting   | |  2.4
Transmutations | |  0.8

Action                   || total
-------------------------++-------
Melee: Dagger            ||    26
       Touch             ||     6
 Cast: Sandblast         ||    16
Evoke: Wand              ||     2
 Stab: Sleeping          ||     6
Armor: Robe              ||     5
Dodge: Dodged            ||    35
